 Dungeon Sprint DCSS version 0.30.1-4-g462c640d31 (webtiles) character file.

Game seed: 14610163960263282655

2250 Heoruswealwe the Covert (level 9, -1/36 HPs)
             Began as a Spriggan Artificer on Aug 24, 2023.
             Was a Follower of Hepliaklqana.
             Shot with an arrow by a centaur warrior (13 damage)
             ... in the Dungeon (Sprint I: "Red Sonja").
             The game lasted 00:19:29 (564 turns).

Heoruswealwe the Covert (Spriggan Artificer)         Turns: 564, Time: 00:19:30

Health: -1/36      AC:  4    Str:  8    XL:     9   Next: 15%
Magic:  25/25      EV: 22    Int: 16    God:    Hepliaklqana [*.....]
Gold:   183        SH:  0    Dex: 16    Spells: 24/30 levels left

rFire   . . .        a - +1 rapier (holy)
rCold   . . .        (no shield)
rNeg    . . .        c - +2 robe {Will+}
rPois   .            (helmet restricted)
rElec   .            (no cloak)
rCorr   .            (gloves unavailable)
SInv    +            (boots unavailable)
Will    ++...        (no amulet)
Stlth   ++++++       k - ring of flight
HPRegen 0.26/turn    (no ring)
MPRegen 0.19/turn

%: no teleportation
@: flying, very quick
A: reduced essence, very small, no large weapons, unfitting armour, see
invisible, speed 3
a: Renounce Religion, Recall Ancestor, Ancestor Identity


You were in the Dungeon.
You worshipped Hepliaklqana.
Hepliaklqana was aware of your devotion.
You visited 1 branch You collected 861 gold pieces.
You spent 678 gold pieces at shops.

Inventory:

Hand Weapons
 a - a +1 rapier of holy wrath (weapon)
Armour
 c - a +2 robe of willpower (worn)
Jewellery
 k - a ring of flight (left hand)
Wands
 b - a wand of roots (11) (quivered)
 d - a wand of charming (3)
Scrolls
 m - a scroll of identify
 n - a scroll of summoning
 p - a scroll of blinking
 q - a scroll of immolation
Potions
 f - 4 potions of curing
 h - a potion of haste
 i - 2 potions of magic
 j - a potion of berserk rage
 o - a potion of mutation


   Skills:
 - Level 0.7 Fighting
 + Level 9.3 Dodging
 * Level 14.4 Stealth
 * Level 11.1 Spellcasting
 + Level 7.9 Hexes
 + Level 9.4 Translocations
 * Level 12.1 Transmutations
 + Level 9.6 Evocations


You had 24 spell levels left.
You knew the following spells:

 Your Spells              Type           Power      Damage    Failure   Level
a - Beastly Appendage     Tmut           94%        N/A       1%          1
b - Wereblood             Tmut           47%        N/A       1%          2
c - Spider Form           Tmut/Pois      28%        N/A       1%          3

Your spell library contained the following spells:

 Spells                   Type           Power      Damage    Failure   Level


Dungeon Overview and Level Annotations

Branches:
Dungeon (1/1)

Altars:
Cheibriados
Dithmenos
Elyvilon
Fedhas
Gozag
Hepliaklqana
Kikubaaqudgha
Makhleb
Nemelex Xobeh
Okawaru
Qazlal
Ru
Sif Muna
Trog
Uskayaw
Vehumet
Wu Jian
Xom
Yredelemnul
Zin
The Shining One
Jiyva
Lugonu

Shops:
D *?[


Innate Abilities, Weirdness & Mutations

Your life essence is reduced to manifest your ancestor. (-10% HP)
You are very small and have problems with some larger weapons.
You are too small for most types of armour.
You have supernaturally acute eyesight. (SInv)
You cover ground extremely quickly. (Speed+++)


Message History

A centaur warrior comes into view.
The centaur warrior moves out of view.
There is an open door here.
Found a scroll labelled XAENNAE KUTOUMILL and a leather armour.
A centaur warrior comes into view.
The centaur warrior moves out of view.
What are your orders? t - Shout!
Orders for allies: a - Attack new target. r - Retreat! s - Stop attacking. g - Guard the area. f - Follow me.
Anything else - Cancel.
Gang up on whom?
Press: ? - help, Dir - move target You can't see that place. [the floor.]
You can't see that place.
Okay, then.
You reach down and close the door.
Okay, then.
Aiming: Fastroot
Press: ? - help, Shift-Dir - straight line
Okay, then.
You swap places.
The helpless centaur warrior fails to defend itself.
You impale the centaur warrior!!
The centaur warrior is heavily wounded.
The centaur warrior hits you! The centaur warrior misses you.
The centaur warrior hits you but does no damage.
The centaur warrior kicks you.
You hit the centaur warrior.
The centaur warrior is severely wounded.
The centaur warrior hits you! The centaur warrior kicks you.
The centaur warrior misses you.
The centaur warrior completely misses you.
Zhah hits the centaur warrior.
The centaur warrior shouts!
The centaur warrior wields a +0 longbow.
The centaur warrior shoots an arrow.
The arrow hits you!
You die...

########################
.#..').#..†..#__#..'...#
.)..#..'[.#..'..'..#...#
)#####'#####'#__####...+
.####..#...#[####?[#####
.#__####..##.#§§§§c#
.#_____##'#_.+§§§R.+
⌠#_.∩...'..._#§§@§c#
##_..__##_.#'##+####
#_____###'#.#!.[.###
##########.####'###.##
.)?.....'...'..§..'.∩#
#++++####.).##########
###.### #.#'#.# #.....#


You could see the friendly Zhah the ancestor and 2 centaur warriors.

Vanquished Creatures
  Sonja (D)
  A deep troll (D)
  A slime creature (D)
  Sigmund (D)
  A yak (D)
  A floating eye (D)
  An ogre (D)
  A jelly (D)
  Ijyb (D)
  A ballistomycete spore (D)
10 creatures vanquished.

Vanquished Creatures (collateral kills)
  2 kobold demonologists (D)
2 creatures vanquished.

Vanquished Creatures (others)
  A ballistomycete spore (D)
1 creature vanquished.

Grand Total: 13 creatures vanquished

Notes
Turn   | Place    | Note
-------+----------+-------------------------------------------
     0 | D        | Heoruswealwe the Spriggan Artificer began the quest for the
                  | Orb.
     0 | D        | Reached XP level 1. HP: 9/9 MP: 2/2
     1 | D        | Noticed Ijyb
     6 | D        | Killed Ijyb
     7 | D        | Reached skill level 4 in Stealth
     7 | D        | Reached skill level 1 in Hexes
     7 | D        | Reached XP level 2. HP: 11/14 MP: 2/6
    21 | D        | Noticed an ogre
    29 | D        | Killed an ogre
    30 | D        | Reached skill level 6 in Stealth
    30 | D        | Reached skill level 5 in Transmutations
    30 | D        | Reached skill level 5 in Evocations
    30 | D        | Reached XP level 3. HP: 17/17 MP: 3/10
    30 | D        | Reached XP level 4. HP: 21/21 MP: 3/11
    46 | D        | Noticed Sigmund
    48 | D        | Killed Sigmund
    49 | D        | Reached skill level 8 in Stealth
    49 | D        | Reached skill level 5 in Translocations
    49 | D        | Reached XP level 5. HP: 25/25 MP: 5/15
    49 | D        | Reached XP level 6. HP: 29/29 MP: 5/16
    74 | D        | Found an ornate altar of the Wu Jian Council.
    74 | D        | Found a shimmering blue altar of Sif Muna.
    79 | D        | Reached skill level 9 in Stealth
    79 | D        | Found a radiant altar of Vehumet.
   106 | D        | Found Biopp's Magic Scroll Emporium.
   106 | D        | Found an ancient bone altar of Kikubaaqudgha.
   106 | D        | Found a hazy altar of Hepliaklqana.
   106 | D        | Found a stormy altar of Qazlal.
   106 | D        | Found a hide-covered altar of Uskayaw.
   106 | D        | Found a blossoming altar of Fedhas.
   106 | D        | Found a bloodstained altar of Trog.
   106 | D        | Found an iron altar of Okawaru.
   106 | D        | Found a basalt altar of Yredelemnul.
   106 | D        | Found a glowing golden altar of the Shining One.
   106 | D        | Found a snail-covered altar of Cheibriados.
   106 | D        | Found a sacrificial altar of Ru.
   106 | D        | Found a glowing silver altar of Zin.
   106 | D        | Found a shadowy altar of Dithmenos.
   106 | D        | Found a white marble altar of Elyvilon.
   106 | D        | Noticed a yak
   119 | D        | Killed a yak
   120 | D        | Reached skill level 10 in Stealth
   120 | D        | Reached skill level 5 in Hexes
   129 | D        | Found an opulent altar of Gozag.
   130 | D        | Found a sparkling altar of Nemelex Xobeh.
   134 | D        | Bought a scroll of identify for 26 gold pieces
   134 | D        | Bought a scroll of summoning for 123 gold pieces
   134 | D        | Bought a scroll of identify for 26 gold pieces
   134 | D        | Bought a scroll of identify for 26 gold pieces
   145 | D        | Found a burning altar of Makhleb.
   145 | D        | Found a viscous altar of Jiyva.
   145 | D        | Found a shimmering altar of Xom.
   145 | D        | Found a corrupted altar of Lugonu.
   145 | D        | Noticed a slime creature
   150 | D        | Killed a slime creature
   151 | D        | Reached XP level 7. HP: 32/32 MP: 17/19
   167 | D        | Noticed a kobold demonologist
   168 | D        | Noticed a kobold demonologist
   174 | D        | Paralysed by a floating eye for 3 turns
   178 | D        | Reached skill level 11 in Stealth
   178 | D        | Noticed a red devil
   179 | D        | Noticed a chaos spawn
   184 | D        | Noticed a smoke demon
   187 | D        | Noticed a sixfirhy
   209 | D        | Noticed an ice devil
   215 | D        | Noticed an orange demon
   215 | D        | Killed a kobold demonologist
   216 | D        | Reached skill level 12 in Stealth
   216 | D        | Reached skill level 10 in Transmutations
   221 | D        | Noticed a ynoxinul
   227 | D        | Noticed a hellwing
   237 | D        | Killed a kobold demonologist
   238 | D        | Reached XP level 8. HP: 23/37 MP: 20/22
   283 | D        | Became a worshipper of Hepliaklqana the Forgotten
   314 | D        | Noticed Sonja
   316 | D        | Killed Sonja
   317 | D        | Reached skill level 13 in Stealth
   317 | D        | Reached skill level 10 in Spellcasting
   459 | D        | Found Zor Zasch's Assorted Antiques.
   467 | D        | Bought a glowing rapier for 210 gold pieces
   467 | D        | Bought a scroll of identify for 60 gold pieces
   467 | D        | Bought an orange potion for 27 gold pieces
   467 | D        | Bought a scratched garnet ring for 150 gold pieces
   467 | D        | Bought a scroll labelled ZEOQIMMUBAG for 30 gold pieces
   491 | D        | Noticed a deep troll
   494 | D        | Killed a deep troll
   495 | D        | Reached skill level 14 in Stealth
   495 | D        | Reached XP level 9. HP: 40/40 MP: 23/25
   505 | D        | Found Raprye's Armour Emporium.
   505 | D        | Reached * piety under Hepliaklqana
   522 | D        | Learned a level 1 spell: Beastly Appendage
   525 | D        | Learned a level 2 spell: Wereblood
   529 | D        | Learned a level 3 spell: Spider Form
   549 | D        | Noticed a centaur warrior
   553 | D        | Noticed a centaur warrior
   564 | D        | Shot with an arrow by a centaur warrior

Illustrated notes

Levels and vault maps discovered:
D:        dungeon_sprint_1 [red_sonja_temple_1, red_sonja_temple_small_1]

Skill      XL: |  1  2  3  4  5  6  7  8 |
---------------+-------------------------+-----
Dodging        | 4 6 7 8 9 |  9.3
Stealth        | 4 6 8 10 12 14 | 14.4
Spellcasting   | 2 4 6 8 9 11 | 11.1
Hexes          | 1 3 4 5 6 7 |  7.9
Translocations | 2 3 5 6 8 9 |  9.4
Transmutations | 3 5 7 9 10 12 | 12.1
Evocations     | 5 6 7 8 9 |  9.6
Fighting       | |  0.7

Action                     |  1- 3 |  4- 6 |  7- 9 || total
---------------------------+-------+-------+-------++-------
  Melee: Club              |       |       |    25 ||    25
         Rapier            |       |       |     2 ||     2
 Invoke: Ancestor Identity |       |       |     1 ||     1
  Evoke: Wand              |     7 |    14 |    20 ||    41
    Use: Potion            |       |       |     1 ||     1
         Scroll            |       |       |     4 ||     4
   Stab: Distracted        |       |       |     1 ||     1
         Sleeping          |       |       |     2 ||     2
 Armour: Robe              |       |       |     4 ||     4
  Dodge: Dodged            |     1 |     2 |    33 ||    36
